 Dungeon Crawl Stone Soup version 0.27.1-16-g815e20cd7a (webtiles) character file.

Game seed: 11250772476653787762

3 Descartes the Skirmisher (level 1, 0/11 HPs)
             Began as a Felid Wanderer on Nov 22, 2021.
             Slain by a jackal (3 damage)
             ... on level 1 of the Dungeon.
             The game lasted 00:01:35 (159 turns).

Descartes the Skirmisher (Felid Wanderer)            Turns: 159, Time: 00:01:35

Health: 0/11       AC:  1    Str:  6    XL:     1   Next: 41%
Magic:  2/2        EV: 17    Int: 11    God:
Gold:   24         SH:  0    Dex: 19    Spells: 0/0 levels left
                                        Lives:  0   Deaths: 0

rFire    . . .     SeeInvis +     - Unarmed
rCold    . . .     Faith    .   (shield unavailable)
rNeg     . . .     Spirit   .   (armour unavailable)
rPois    .         Reflect  .   (helmet unavailable)
rElec    .         Harm     .   (cloak unavailable)
rCorr    .         Rampage  .   (gloves unavailable)
Will     .....                  (boots unavailable)
Stlth    ++........             (no amulet)
HPRegen  0.03/turn              (no ring)
MPRegen  0.08/turn              (no ring)

@: quick
A: very small, claws 1, fangs 3, see invisible, speed 1, shaggy fur 1, stealthy
paws, no weapons or thrown items, no armour, multi-lived
a: no special abilities


You were on level 1 of the Dungeon.
You visited 1 branch of the dungeon, and saw 1 of its levels.

You collected 24 gold pieces.

Inventory:

Missiles
 d - 34 stones
Scrolls
 b - a scroll of blinking
 e - a scroll of vulnerability {unknown}
Potions
 a - a potion of haste
 c - 2 potions of lignification


   Skills:
 - Level 4.0 Fighting
 + Level 1.6 Dodging
 + Level 2.8 Stealth
 + Level 2.1 Unarmed Combat
 - Level 1.1 Evocations


You couldn't memorise any spells.
You didn't know any spells.
Your spell library was empty.

Dungeon Overview and Level Annotations

Branches:
Dungeon (1/15)

Altars:


Innate Abilities, Weirdness & Mutations

You have sharp claws.
You have razor-sharp teeth.
You have supernaturally acute eyesight. (SInv)
You cover ground quickly. (Speed+)
You are covered in fur. (AC +1)
Your paws help you pounce on unaware monsters.
You are incapable of wielding weapons or throwing items.
You cannot wear armour.
You gain extra lives every three experience levels.


Message History

The jackal barks! x2
You scratch the jackal but do no damage.
You hear a shout!
The jackal bites you. x2
You scratch the jackal. Your bite misses the jackal.
The jackal is severely wounded.
The jackal barely misses you.
You scratch the jackal.
You kill the jackal!
The jackal bites you.
* * * LOW HITPOINT WARNING * * *
The jackal barely misses you.
You are too injured to fight recklessly!
You are too injured to fight recklessly!
You are too injured to fight recklessly!
You are too injured to fight recklessly!
You are too injured to fight recklessly!
You are too injured to fight recklessly!
You are too injured to fight recklessly!
You are too injured to fight recklessly!
You are too injured to fight recklessly!
You are too injured to fight recklessly!
You are too injured to fight recklessly!
You are too injured to fight recklessly!
You are too injured to fight recklessly!
You are too injured to fight recklessly!
You barely miss the jackal. Your bite misses the jackal.
The jackal barely misses you. x2
You scratch the jackal but do no damage.
The jackal barely misses you.
You scratch the jackal.
The jackal is moderately wounded.
The jackal closely misses you.
You scratch the jackal.
You kill the jackal!
The jackal barely misses you.
You completely miss the jackal. Your bite misses the jackal.
The jackal completely misses you.
You closely miss the jackal. The jackal bites you.
You die...

### ... #.. .. #.#
#####..######.# #
..................
#†.#####..#.#
##.hh@....#.
#..####..[# ##.##
#...# #..# #...#
####
#..###...#######
...#
#................
....
##..##............
###.
##.##............
..###
#.##...#....#...


You could see 2 jackals.

Vanquished Creatures
  2 jackals (D:1)
  A kobold (D:1)
3 creatures vanquished.

Notes
Turn   | Place    | Note
-------+----------+-------------------------------------------
     0 | D:1      | Descartes the Felid Wanderer began the quest for the Orb.
     0 | D:1      | Descartes set off with the following items: a potion of
                  | haste, a scroll of blinking, 2 potions of lignification
     0 | D:1      | Reached XP level 1. HP: 11/11 MP: 2/2
   159 | D:1      | Slain by a jackal

Illustrated notes

Levels and vault maps discovered:
D:1:      dpeg_arrival_circle_labyrinth_c, layout_basic,
          hellmonk_ecumenical_altar_crossroads, skrybe_limestone_x

Action                   || total
-------------------------++-------
Melee: Unarmed           ||    10
 Stab: Sleeping          ||     1
Dodge: Dodged            ||     8
